[ AOE2 MATCH · #505413340 ]
UnrankedMagyars vs Franks
Player's team · WIN
Rival team · LOSS
[ REPLAY ANALYSIS · EXTRACTED FROM THE RECORDED GAME ]
Feudal
10:34
Castle
23:05
Imperial
—
| APM avg | 62.9 |
| APM peak | 110 |
| eAPM avg | 24.2 |
| Villagers / military | 73 / 81 |
Focus
⚔️ 34.6% · 🌾 65.4%
Knight ×46 · Scout Cavalry ×13 · Skirmisher ×10 · Battering Ram ×7 · Militia ×3 · Monk ×2
Feudal
8:59
Castle
21:23
Imperial
—
| APM avg | 38.3 |
| APM peak | 77 |
| eAPM avg | 24.4 |
| Villagers / military | 112 / 72 |
Focus
⚔️ 44.4% · 🌾 55.6%
Spearman ×36 · Knight ×19 · Archer ×7 · Skirmisher ×4 · Monk ×3 · Militia ×3
Match map
Initial resources + every placement click. Lines = walls · curves = elevation contours. ◆ gold · ⬟ stone · ● berries · ✦ relic · ◌ wall gap
Your base· ✓ Closed at 23:05 · 51t walls · no gate
lightsout's base· ✓ Closed at 21:23 · 36t walls · 1 gate(s)
Smoothed initial terrain · ◌ = detected wall gap · hover for details
Inputs per minute
— uel - - lightsout
Build order — uel
First 150 of 276 actions detected
| 0:01 | Queue | Villager (Male) |
| 0:01 | Queue | Villager (Male) |
| 0:01 | Queue | Villager (Male) |
| 0:02 | Build | House |
| 0:04 | Build | House |
| 0:11 | Queue | Villager (Male) |
| 1:29 | Queue | Villager (Male) |
| 1:29 | Queue | Villager (Male) |
| 1:58 | Build | Lumber Camp |
| 1:59 | Queue | Villager (Male) |
| 2:20 | Queue | Villager (Male) |
| 2:20 | Queue | Villager (Male) |
| 2:53 | Queue | Villager (Male) |
| 3:07 | Queue | Villager (Male) |
| 3:31 | Queue | Villager (Male) |
| 3:52 | Build | House |
| 3:56 | Queue | Villager (Male) |
| 4:13 | Build | House |
| 4:26 | Queue | Villager (Male) |
| 4:42 | Queue | Villager (Male) |
| 4:52 | Build | Barracks |
| 4:54 | Build | Palisade Wall |
| 5:05 | Queue | Villager (Male) |
| 5:46 | Queue | Militia |
| 5:47 | Queue | Militia |
| 5:49 | Queue | Villager (Male) |
| 5:51 | Build | House |
| 5:58 | Queue | Villager (Male) |
| 6:14 | Queue | Militia |
| 6:17 | Queue | Villager (Male) |
| 6:29 | Build | Mill |
| 6:43 | Queue | Villager (Male) |
| 7:06 | Queue | Villager (Male) |
| 7:19 | Research | Loom |
| 8:24 | Research | Feudal Age |
| 8:24 | Research | Feudal Age |
| 8:24 | Research | Feudal Age |
| 8:30 | Build | Lumber Camp |
| 8:59 | Build | Farm |
| 9:02 | Build | Farm |
| 9:22 | Build | Palisade Wall |
| 9:24 | Build | Palisade Wall |
| 9:27 | Build | Palisade Wall |
| 9:28 | Build | Palisade Wall |
| 9:30 | Build | Palisade Wall |
| 9:31 | Build | Palisade Wall |
| 9:36 | Build | Palisade Wall |
| 9:40 | Build | Palisade Wall |
| 9:40 | Build | Palisade Wall |
| 10:06 | Build | Palisade Wall |
| 10:10 | Queue | Villager (Male) |
| 10:15 | Build | Palisade Wall |
| 10:19 | Build | Farm |
| 10:34 | Age | Feudal Age |
| 10:40 | Build | Stable |
| 10:44 | Queue | Villager (Male) |
| 10:58 | Build | Farm |
| 11:13 | Queue | Villager (Male) |
| 11:16 | Build | Palisade Wall |
| 11:24 | Research | Double-Bit Axe |
| 11:31 | Build | Farm |
| 11:34 | Queue | Scout Cavalry |
| 11:45 | Queue | Villager (Male) |
| 11:46 | Build | Farm |
| 12:06 | Build | Farm |
| 12:08 | Queue | Villager (Male) |
| 12:17 | Build | House |
| 12:48 | Queue | Scout Cavalry |
| 12:56 | Build | Archery Range |
| 13:14 | Queue | Villager (Male) |
| 13:19 | Queue | Villager (Male) |
| 13:30 | Build | Farm |
| 13:33 | Build | Farm |
| 13:35 | Build | Farm |
| 13:39 | Build | Farm |
| 13:49 | Queue | Villager (Male) |
| 13:55 | Build | House |
| 13:57 | Build | House |
| 13:58 | Queue | Skirmisher |
| 14:06 | Queue | Villager (Male) |
| 14:16 | Queue | Skirmisher |
| 14:21 | Build | Farm |
| 14:24 | Queue | Skirmisher |
| 14:37 | Build | House |
| 14:44 | Build | Palisade Wall |
| 14:50 | Queue | Skirmisher |
| 14:51 | Queue | Villager (Male) |
| 14:53 | Build | Farm |
| 14:56 | Build | Farm |
| 14:57 | Queue | Villager (Male) |
| 15:07 | Build | House |
| 15:10 | Queue | Skirmisher |
| 15:11 | Queue | Scout Cavalry |
| 15:14 | Build | Palisade Wall |
| 15:22 | Build | Palisade Wall |
| 15:23 | Build | Palisade Wall |
| 15:31 | Queue | Villager (Male) |
| 15:31 | Queue | Skirmisher |
| 15:43 | Queue | Skirmisher |
| 16:00 | Queue | Skirmisher |
| 16:17 | Queue | Villager (Male) |
| 16:17 | Queue | Villager (Male) |
| 16:17 | Queue | Villager (Male) |
| 16:17 | Queue | Villager (Male) |
| 16:35 | Queue | Scout Cavalry |
| 16:38 | Queue | Villager (Male) |
| 16:40 | Build | Mining Camp |
| 16:50 | Queue | Villager (Male) |
| 16:52 | Build | Blacksmith |
| 16:59 | Queue | Scout Cavalry |
| 17:14 | Queue | Villager (Male) |
| 17:16 | Build | House |
| 17:17 | Build | House |
| 17:31 | Queue | Villager (Male) |
| 17:44 | Research | Fletching |
| 17:44 | Research | Fletching |
| 17:51 | Build | Farm |
| 18:02 | Research | Horse Collar |
| 18:15 | Queue | Skirmisher |
| 18:34 | Queue | Villager (Male) |
| 18:37 | Build | Farm |
| 18:49 | Queue | Skirmisher |
| 18:57 | Build | Farm |
| 19:04 | Build | Farm |
| 19:22 | Queue | Villager (Male) |
| 19:26 | Build | Farm |
| 19:44 | Queue | Villager (Male) |
| 20:12 | Build | Farm |
| 20:25 | Research | Castle Age |
| 20:26 | Research | Castle Age |
| 20:57 | Research | Bloodlines |
| 21:13 | Queue | Scout Cavalry |
| 21:27 | Research | Scale Barding Armor |
| 21:33 | Build | Palisade Wall |
| 21:45 | Build | Stable |
| 21:48 | Build | Farm |
| 21:56 | Research | Gold Mining |
| 22:23 | Queue | Villager (Male) |
| 22:31 | Build | House |
| 22:32 | Build | House |
| 22:41 | Build | House |
| 22:46 | Build | House |
| 22:48 | Build | House |
| 22:59 | Queue | Villager (Male) |
| 23:05 | Age | Castle Age |
| 23:09 | Queue | Knight |
| 23:09 | Research | Bow Saw |
| 23:10 | Research | Bow Saw |
| 23:12 | Queue | Villager (Male) |
| 23:15 | Research | Heavy Plow |
Build order — lightsout
First 150 of 287 actions detected
| 0:00 | Queue | Villager (Male) |
| 0:01 | Queue | Villager (Male) |
| 0:01 | Queue | Villager (Male) |
| 0:02 | Build | House |
| 0:03 | Build | House |
| 0:18 | Queue | Villager (Male) |
| 0:18 | Queue | Villager (Male) |
| 1:25 | Queue | Villager (Male) |
| 1:53 | Build | Lumber Camp |
| 2:00 | Queue | Villager (Male) |
| 2:00 | Queue | Villager (Male) |
| 2:15 | Queue | Villager (Male) |
| 2:15 | Queue | Villager (Male) |
| 2:54 | Queue | Villager (Male) |
| 3:07 | Build | House |
| 3:14 | Queue | Villager (Male) |
| 3:33 | Queue | Villager (Male) |
| 3:33 | Queue | Villager (Male) |
| 4:05 | Queue | Villager (Male) |
| 4:23 | Queue | Villager (Male) |
| 4:24 | Queue | Villager (Male) |
| 4:58 | Queue | Villager (Male) |
| 5:31 | Build | Barracks |
| 5:34 | Queue | Villager (Male) |
| 5:35 | Queue | Villager (Male) |
| 5:36 | Research | Loom |
| 6:21 | Build | House |
| 6:22 | Build | Palisade Wall |
| 6:23 | Build | Palisade Wall |
| 6:49 | Research | Feudal Age |
| 6:58 | Queue | Militia |
| 6:58 | Queue | Militia |
| 7:53 | Build | House |
| 7:56 | Queue | Militia |
| 8:07 | Build | Palisade Wall |
| 8:13 | Build | Palisade Wall |
| 8:23 | Build | Palisade Wall |
| 8:24 | Build | Palisade Wall |
| 8:24 | Build | Palisade Wall |
| 8:40 | Queue | Villager (Male) |
| 8:49 | Build | Palisade Gate |
| 8:50 | Build | Palisade Wall |
| 8:50 | Build | Palisade Wall |
| 8:51 | Build | Palisade Wall |
| 8:59 | Age | Feudal Age |
| 9:16 | Research | Man-at-Arms (upgrade) |
| 9:29 | Queue | Villager (Male) |
| 9:38 | Build | Archery Range |
| 10:00 | Queue | Villager (Male) |
| 10:01 | Queue | Villager (Male) |
| 10:14 | Queue | Villager (Male) |
| 10:20 | Build | Mining Camp |
| 10:29 | Build | House |
| 10:40 | Build | Lumber Camp |
| 10:42 | Queue | Skirmisher |
| 11:07 | Queue | Villager (Male) |
| 11:18 | Build | Mill |
| 11:37 | Queue | Villager (Male) |
| 11:37 | Queue | Villager (Male) |
| 11:50 | Queue | Archer |
| 11:51 | Queue | Archer |
| 11:59 | Build | Farm |
| 12:33 | Queue | Villager (Male) |
| 12:40 | Build | House |
| 12:41 | Build | House |
| 12:44 | Build | Farm |
| 12:46 | Build | Farm |
| 13:04 | Queue | Villager (Male) |
| 13:16 | Build | Farm |
| 13:17 | Queue | Villager (Male) |
| 13:22 | Queue | Archer |
| 13:31 | Build | Farm |
| 13:36 | Queue | Spearman |
| 13:54 | Queue | Spearman |
| 13:57 | Build | Farm |
| 13:59 | Queue | Villager (Male) |
| 14:08 | Queue | Archer |
| 14:19 | Queue | Villager (Male) |
| 14:41 | Queue | Villager (Male) |
| 14:42 | Queue | Archer |
| 14:45 | Build | Farm |
| 14:58 | Queue | Villager (Male) |
| 15:13 | Build | Blacksmith |
| 15:14 | Queue | Villager (Male) |
| 15:17 | Build | Farm |
| 15:46 | Build | Farm |
| 15:50 | Build | House |
| 15:51 | Build | Palisade Wall |
| 15:53 | Build | Palisade Wall |
| 16:26 | Queue | Villager (Male) |
| 16:28 | Build | Farm |
| 16:29 | Build | Farm |
| 16:31 | Queue | Skirmisher |
| 16:32 | Queue | Skirmisher |
| 16:52 | Queue | Villager (Male) |
| 16:56 | Queue | Archer |
| 17:11 | Build | House |
| 17:15 | Queue | Villager (Male) |
| 17:24 | Build | Farm |
| 17:29 | Build | Farm |
| 17:44 | Queue | Villager (Male) |
| 17:46 | Queue | Archer |
| 17:51 | Build | Farm |
| 17:56 | Build | House |
| 17:56 | Build | House |
| 18:11 | Queue | Villager (Male) |
| 18:23 | Build | House |
| 18:43 | Research | Castle Age |
| 19:00 | Queue | Skirmisher |
| 19:14 | Research | Fletching |
| 19:26 | Research | Scale Barding Armor |
| 19:36 | Build | Stable |
| 19:37 | Queue | Villager (Male) |
| 19:43 | Build | House |
| 19:50 | Build | House |
| 19:56 | Queue | Villager (Male) |
| 20:24 | Build | Stable |
| 20:44 | Research | Forging |
| 21:19 | Build | Farm |
| 21:21 | Build | Farm |
| 21:23 | Age | Castle Age |
| 21:26 | Queue | Knight |
| 21:26 | Queue | Knight |
| 21:50 | Queue | Villager (Male) |
| 22:04 | Research | Chain Barding Armor |
| 22:05 | Queue | Villager (Male) |
| 22:14 | Build | Town Center |
| 22:20 | Queue | Villager (Male) |
| 22:28 | Queue | Knight |
| 22:41 | Queue | Villager (Male) |
| 22:52 | Build | House |
| 22:55 | Build | House |
| 23:02 | Queue | Knight |
| 23:08 | Queue | Villager (Male) |
| 23:50 | Queue | Villager (Male) |
| 23:50 | Queue | Villager (Male) |
| 23:50 | Queue | Villager (Male) |
| 23:51 | Queue | Villager (Male) |
| 24:07 | Queue | Villager (Male) |
| 24:24 | Build | Town Center |
| 24:33 | Queue | Villager (Male) |
| 24:33 | Queue | Villager (Male) |
| 24:40 | Queue | Villager (Male) |
| 24:44 | Queue | Villager (Male) |
| 24:51 | Research | Husbandry |
| 25:08 | Build | Palisade Gate |
| 25:11 | Build | Palisade Wall |
| 25:18 | Queue | Villager (Male) |
| 25:18 | Queue | Villager (Male) |
| 25:18 | Queue | Villager (Male) |
Match timeline
| 4:52 | uel · first_building Barracks |
| 4:54 | uel · wall_segment Palisade Wall x1 |
| 5:31 | lightsout · first_building Barracks |
| 6:22 | lightsout · wall_segment Palisade Wall x1 |
| 6:23 | lightsout · wall_segment Palisade Wall x1 |
| 8:07 | lightsout · wall_segment Palisade Wall x4 |
| 8:13 | lightsout · wall_segment Palisade Wall x18 |
| 8:23 | lightsout · wall_segment Palisade Wall x1 |
| 8:24 | lightsout · wall_segment Palisade Wall x1 |
| 8:24 | lightsout · wall_segment Palisade Wall x1 |
| 8:50 | lightsout · wall_segment Palisade Wall x1 |
| 8:50 | lightsout · wall_segment Palisade Wall x1 |
| 8:51 | lightsout · wall_segment Palisade Wall x1 |
| 8:59 | lightsout · age_up feudal |
| 9:22 | uel · wall_segment Palisade Wall x1 |
| 9:24 | uel · wall_segment Palisade Wall x1 |
| 9:27 | uel · wall_segment Palisade Wall x1 |
| 9:28 | uel · wall_segment Palisade Wall x1 |
| 9:30 | uel · wall_segment Palisade Wall x1 |
| 9:31 | uel · wall_segment Palisade Wall x1 |
| 9:36 | uel · wall_segment Palisade Wall x1 |
| 9:38 | lightsout · first_building Archery Range |
| 9:40 | uel · wall_segment Palisade Wall x1 |
| 9:40 | uel · wall_segment Palisade Wall x1 |
| 10:06 | uel · wall_segment Palisade Wall x1 |
| 10:15 | uel · wall_segment Palisade Wall x1 |
| 10:34 | uel · age_up feudal |
| 10:40 | uel · first_building Stable |
| 11:16 | uel · wall_segment Palisade Wall x6 |
| 12:56 | uel · first_building Archery Range |
| 14:44 | uel · wall_segment Palisade Wall x1 |
| 15:14 | uel · wall_segment Palisade Wall x11 |
| 15:22 | uel · wall_segment Palisade Wall x12 |
| 15:23 | uel · wall_segment Palisade Wall x1 |
| 15:51 | lightsout · wall_segment Palisade Wall x1 |
| 15:53 | lightsout · wall_segment Palisade Wall x5 |
| 19:36 | lightsout · first_building Stable |
| 21:23 | lightsout · age_up castle |
| 21:33 | uel · wall_segment Palisade Wall x11 |
| 23:05 | uel · age_up castle |
| 24:41 | uel · first_building Monastery |
| 25:11 | lightsout · wall_segment Palisade Wall x1 |
| 26:27 | uel · first_building Siege Workshop |
| 28:44 | lightsout · first_building Monastery |
| 30:25 | uel · wall_segment Palisade Wall x1 |
| 30:26 | uel · wall_segment Palisade Wall x1 |
| 30:47 | uel · first_market_sell 100 food |
| 32:25 | uel · first_market_buy 100 wood |
| 34:20 | lightsout · wall_segment Palisade Wall x1 |
| 34:22 | lightsout · wall_segment Palisade Wall x1 |
| 35:18 | lightsout · resign |
[ AI ANALYSIS · 1 CREDIT ]
What really happened in this match?
Wolo.gg analyzes every decision: build order, eco, micro, common mistakes by bracket. Personalized analysis on WhatsApp or Discord in 30 seconds.
Civ guide
Magyars
Perfil
Jugador #9754373